 Dungeon Crawl Stone Soup version 0.29-a0-901-g46a8461d6a (webtiles) character file.

Game seed: 116406446561632037

237 Aviak the Changer (level 6, 0/47 (52) HPs)
             Began as a Meteoran Transmuter on July 23, 2022.
             Succumbed to miscasting Spider Form's poison
             ... on level 5 of the Dungeon.
             The game lasted 00:04:12 (1720 turns).

Aviak the Changer (Meteoran Transmuter)             Turns: 1720, Time: 00:04:12

HP:   0/47 (52)     AC:  3    Str: 14    XL:     6   Next: 53%
MP:   8/11          EV: 12    Int: 14    God:
Gold: 180           SH:  0    Dex: 15    Spells: 1/11 levels left

rFire   . . .      SeeInvis .   g - +1 dagger (elec)
rCold   . . .      Faith    .   (no shield)
rNeg    . . .      Spirit   .   c - +0 leather armour
rPois   .          Reflect  .   (no helmet)
rElec   .          Harm     .   (no cloak)
rCorr   +          Rampage  .   (no gloves)
Will    .....                   (no boots)
Stlth   +.........              (no amulet)
HPRegen 0.15/turn               f - ring of resist corrosion
MPRegen 0.12/turn               (no ring)

@: mighty, lethally poisoned (0 -> -4), wereblooded, flying, very slightly
contaminated, glowing, drained
A: sense surroundings 1, otherworldly, glowing, explore regen
a: no special abilities


You were on level 5 of the Dungeon.
You visited 1 branch of the dungeon, and saw 5 of its levels.

You collected 180 gold pieces.

Inventory:

Hand Weapons
 g - a +1 dagger of electrocution (weapon)
Armour
 a - a +0 robe
 c - a +0 leather armour (worn)
Jewellery
 f - a ring of resist corrosion (left hand)
Scrolls
 d - 2 scrolls of fog
 e - a scroll of poison {unknown}
 h - 3 scrolls of enchant weapon {unknown}
 i - a scroll of identify
 k - 2 scrolls of amnesia {unknown}
 l - a scroll of magic mapping {unknown}
 n - a scroll of blinking {unknown}
 o - a scroll of torment {unknown}
 p - a scroll of brand weapon
 s - a scroll of summoning {!r}
 v - a scroll of acquirement {unknown}
Potions
 b - a potion of lignification {!q}
 j - a potion of mutation {unknown}
 q - a potion of heal wounds {unknown}
 r - a potion of haste {unknown}
 u - a potion of degeneration {unknown}


   Skills:
 + Level 3.9 Fighting
 - Level 2.4 Dodging
 - Level 3.6 Unarmed Combat
 - Level 3.0 Spellcasting
 + Level 4.8 Transmutations
 - Level 3.0 Poison Magic


You had one spell level left.
You knew the following spells:

 Your Spells              Type           Power      Damage    Failure   Level
a - Beastly Appendage     Tmut           30%        N/A       3%          1
b - Wereblood             Tmut           15%        N/A       5%          2
c - Spider Form           Tmut/Pois      13%        N/A       16%         3
d - Ice Form              Ice/Tmut       8%         N/A       69%         4

Your spell library contained the following spells:

 Spells                   Type           Power      Damage    Failure   Level


Dungeon Overview and Level Annotations

Branches:
Dungeon (5/15) Zot: 1282
 Temple: D:4-7

Altars:


Innate Abilities, Weirdness & Mutations

You passively map a small area around you.
You are easily found by Zot.
You glow in the dark.
You regain HP and MP as you explore.


Message History

You miss the adder.
The adder is moderately wounded.
You feel sick. The adder barely misses you.
The wight hits you from afar with a +0 spear!
You feel drained.
You miss the adder.
The adder is moderately wounded.
You feel sick. The adder barely misses you.
The wight hits you from afar with a +0 spear.
You feel drained. The adder attacks as you move away!
The adder bites you but does no damage.
You feel sick. The adder bites you but does no damage.
You barely miss the adder.
The adder is moderately wounded.
You feel sick. The adder closely misses you.
The wight hits you from afar with a +0 spear.
Casting: Wereblood (safe; 5% risk of failure)
Confirm with . or Enter, or press ? or * to list all spells.
You miscast Spider Form.
You are very lightly contaminated with residual magic.
You feel rather nauseous for a moment.
You are more poisoned.
* * * LOW HITPOINT WARNING * * *
You feel sick. The adder barely misses you.
The wight hits you from afar with a +0 spear!
* * * LOW HITPOINT WARNING * * *
You feel drained.
* * * LOW HITPOINT WARNING * * *
Unknown command.
Okay, then.
It was a potion of might.
You feel very mighty all of a sudden.
* * * LOW HITPOINT WARNING * * *
You feel sick. The adder closely misses you. The adder bites you.
* * * LOW HITPOINT WARNING * * *
The wight closely misses you.
It was a potion of flight.
You feel very buoyant.
You fly up into the air.
You die...

............
.....?.,
####)####### ,
#....., , ####.#####
.....## #........#
#..... * #........#
#...#* * #........##
#5z.# #.........####
#z# *, ≈
#########....####S#*
,≈ _, ####..##@.####
##........#,
###..###..... #..##
.... #.## ##. * #. *
, * ,.. * , ... ,, *
.... ,


You could see 2 wights, an adder and a white imp.

Vanquished Creatures
  A centaur (D:5)
  A phantom (D:4)
  3 adders
  2 worms (D:3)
  4 dart slugs
  An orc (D:5)
  2 bats
  3 endoplasms
  A giant cockroach (D:2)
  7 hobgoblins
  2 jackals (D:2)
  A quokka (D:2)
  A ball python (D:1)
  4 frilled lizards
  6 goblins
  A kobold (D:2)
  4 rats (D:1)
44 creatures vanquished.

Notes
Turn   | Place    | Note
-------+----------+-------------------------------------------
     0 | D:1      | Aviak the Meteoran Transmuter began the quest for the Orb.
     0 | D:1      | Reached XP level 1. HP: 16/16 MP: 5/5
   190 | D:2      | Reached XP level 2. HP: 23/23 MP: 6/6
   193 | D:2      | Found a faded altar of an unknown god.
   243 | D:2      | Reached skill level 3 in Transmutations
   243 | D:2      | Reached XP level 3. HP: 27/29 MP: 8/8
   707 | D:3      | Reached XP level 4. HP: 35/37 MP: 9/9
   724 | D:3      | Learned a level 2 spell: Wereblood
   728 | D:3      | Learned a level 3 spell: Spider Form
  1083 | D:4      | Noticed a phantom
  1087 | D:4      | Killed a phantom
  1088 | D:4      | Reached skill level 4 in Transmutations
  1088 | D:4      | Reached XP level 5. HP: 44/45 MP: 8/10
  1093 | D:4      | Learned a level 4 spell: Ice Form
  1520 | D:5      | Entered Level 5 of the Dungeon
  1520 | D:5      | Noticed a centaur
  1528 | D:5      | Killed a centaur
  1529 | D:5      | Reached XP level 6. HP: 23/52 MP: 11/11
  1719 | D:5      | HP: 2/47 [poisoned by miscasting Spider Form]
  1720 | D:5      | Succumbed to miscasting Spider Form's poison

Illustrated notes

Levels and vault maps discovered:
D:1:      elethiomel_arrival_maze, layout_rooms, chequers_jeans, minmay_bisected
D:2:      layout_basic, basic_ecumenical_altar
D:3:      layout_basic, due_unseen_surprise
D:4:      layout_basic
D:5:      layout_rooms, nicolae_sif_muna_condensation

Skill      XL: |  1  2  3  4  5  6 |
---------------+-------------------+-----
Spellcasting   | 3 |  3.0
Fighting       | 2 3 |  3.9
Transmutations | 3 4 |  4.8
Poison Magic   | 2 3 |  3.0
Dodging        | |  2.4
Unarmed Combat | |  3.6

Action                   |  1- 3 |  4- 6 || total
-------------------------+-------+-------++-------
Melee: Unarmed           |    28 |       ||    28
       Kick              |    13 |     6 ||    19
       Headbutt          |    12 |     2 ||    14
       Dagger            |    21 |    76 ||    97
       Punch             |     1 |       ||     1
 Cast: Beastly Appendage |    10 |     5 ||    15
       Wereblood         |       |     2 ||     2
  Use: Scroll            |       |     3 ||     3
       Potion            |       |     2 ||     2
Armor: Robe              |     1 |       ||     1
       Leather armour    |     6 |    22 ||    28
Dodge: Dodged            |    22 |    46 ||    68

Table legend: (Time is in decaauts)
 A = Elapsed time spent in this place.
 B = Non-inter-level travel time spent in this place.
 C = Inter-level travel time spent in this place.
 D = Time resting spent in this place.
 E = Time spent auto-exploring this place.
 F = Levels seen in this place.
 G = Mean time per level.
                   A        B        C        D        E       F      G
               +--------+--------+--------+--------+--------+-----+--------+
         Total |   1717 |   1535 |    182 |    210 |    817 |   5 |  343.4 |
       Dungeon |   1717 |   1535 |    182 |    210 |    817 |   5 |  343.4 |
               +--------+--------+--------+--------+--------+-----+--------+

Top non-repeatable levels by time:
     D:3: 523 daAuts
     D:2: 441 daAuts
     D:4: 342 daAuts
     D:1: 211 daAuts
     D:5: 199 daAuts
